 Dungeon Crawl Stone Soup version 0.30-a0-371-gad7725a93e (webtiles) character file.

Game seed: 15282250588809137628

5534 McGhostyFace the Frost Mage (level 10, -14/82 HPs)
             Began as a Gnoll Wanderer on Nov 21, 2022.
             Was a Priest of Ashenzari.
             Engulfed by an ice statue's freezing vapour (28 damage)
             ... on level 9 of the Dungeon.
             The game lasted 00:27:26 (10857 turns).

McGhostyFace the Frost Mage (Gnoll Wanderer)       Turns: 10857, Time: 00:27:27

Health: -14/82     AC: 10    Str: 15    XL:     10   Next: 71%
Magic:  22/22      EV: 17    Int: 15    God:    Ashenzari [***...]
Gold:   907        SH:  5    Dex:  9    Spells: 20/26 levels left

rFire   . . .      SeeInvis +    F - +5 flail "Weihix" {flame, *Corrode rPois rN+ Stlth+}
rCold   . . .      Faith    .    E - +0 buckler of the Fated Stoicism {Fort, Self} (curse)
rNeg    + . .      Spirit   .    H - +3 leather armour of the Fated Prison {rPois, Self, Alch} (curse)
rPois   +          Reflect  .    n - +2 hat of the Eye in the Sky {Evo, Alch} (curse)
rElec   .          Harm     .    (no cloak)
rCorr   .          Rampage  .    (no gloves)
Will    .....      Clarity  +    o - +0 pair of boots of Ashenzari's Activism {Cun, Comp} (curse)
Stlth   ++++......               (no amulet)
HPRegen 0.33/turn                l - ring "Shackled Visionary" {SInv, Elem, Melee} (curse)
MPRegen 0.18/turn                y - +4 ring of evasion

@: no status effects
A: fangs 1, strong nose, distributed training, noise suppression
a: Renounce Religion, Shatter the Chains


You were on level 9 of the Dungeon.
You worshipped Ashenzari.
Ashenzari was most pleased with you.
You visited 2 branches of the dungeon, and saw 10 of its levels.
You also visited: Sewer.

You collected 1424 gold pieces.
You spent 517 gold pieces at shops.

Inventory:

Hand Weapons
 a - a +0 mace
 i - a +2 short sword of electrocution
 F - the +5 flail "Weihix" (weapon) {flame, *Corrode rPois rN+ Stlth+}
   (You found it on level 6 of the Dungeon)

   It burns those it strikes, dealing additional fire damage.
   rPois:     It protects you from poison.
   rN:        It protects you from negative energy.
   *Corrode:  It may corrode you when you take damage.
   Stlth:     It makes you more stealthy.
Missiles
 A - 19 poisoned darts
 J - 4 curare-tipped darts (quivered)
Armour
 n - the cursed +2 hat of the Eye in the Sky (worn) {Evo, Alch}
   (You bought it in a shop on level 6 of the Dungeon)

   It has a curse which improves the following skills: Evocations: Evocations.
   Alchemy:   Poison Magic and Transmutations.
 o - the cursed +0 pair of boots of Ashenzari's Activism (worn) {Cun, Comp}
   (You found it on level 2 of the Dungeon)

   It has a curse which improves the following skills: Cunning: Dodging and
   Stealth.
   Companions: Summonings and Necromancy.
 E - the cursed +0 buckler of the Fated Stoicism (worn) {Fort, Self}
   (You found it in a sewer)

   It has a curse which improves the following skills: Fortitude: Armour and
   Shields.
   Introspection: Fighting and Spellcasting.
 H - the cursed +3 leather armour of the Fated Prison (worn) {rPois, Self, Alch}
   (You bought it in a shop on level 6 of the Dungeon)

   It has a curse which improves the following skills: Introspection: Fighting
   and Spellcasting.
   Alchemy:   Poison Magic and Transmutations.
Jewellery
 l - the cursed ring "Shackled Visionary" (left hand) {SInv, Elem, Melee}
   (You found it on level 2 of the Dungeon)

   [ring of see invisible]

   SInv:      It lets you see invisible.
   It has a curse which improves the following skills: Elements: Fire Magic, Ice
   Magic, Air Magic and Earth Magic.
   Melee Combat: Short Blades, Long Blades, Axes, Maces & Flails, Polearms,
   Staves and Unarmed Combat.
 u - a +4 ring of slaying
 y - a +4 ring of evasion (right hand)
Wands
 b - a wand of polymorph (11)
 e - a wand of iceblast (10)
Scrolls
 f - 14 scrolls of identify
 h - a scroll of brand weapon
 k - 2 scrolls of fog
 m - 3 scrolls of teleportation
 p - 2 scrolls of fear
 q - 4 scrolls of poison
 r - 2 scrolls of noise
 t - 2 scrolls of amnesia
 v - 3 scrolls of blinking
 x - a scroll of enchant armour
 B - a scroll of vulnerability
 I - a scroll of silence
Potions
 c - 3 potions of attraction
 d - 5 potions of curing
 g - 3 potions of haste
 j - 4 potions of heal wounds
 s - a potion of brilliance
 w - 2 potions of mutation
 z - a potion of magic
 C - 2 potions of cancellation
 D - a potion of might
 K - a potion of flight


   Skills:
 + Level 6.3(8.8) Fighting
 + Level 5.7(7.3) Short Blades
 + Level 5.7(7.3) Long Blades
 + Level 5.7(7.3) Axes
 + Level 6.3(8.0) Maces & Flails
 + Level 5.7(7.3) Polearms
 + Level 5.7(7.3) Staves
 + Level 5.7 Ranged Weapons
 + Level 5.7 Throwing
 + Level 7.4(9.1) Armour
 + Level 5.7(7.3) Dodging
 + Level 6.2(7.9) Stealth
 + Level 5.7(7.3) Shields
 + Level 5.7(7.3) Unarmed Combat
 + Level 6.4(8.9) Spellcasting
 + Level 4.7 Conjurations
 + Level 4.7 Hexes
 + Level 4.7(6.3) Summonings
 + Level 4.7(6.3) Necromancy
 + Level 4.7 Translocations
 + Level 4.7(7.1) Transmutations
 + Level 4.7(6.3) Fire Magic
 + Level 8.6(10.3) Ice Magic
 + Level 4.7(6.3) Air Magic
 + Level 4.7(6.3) Earth Magic
 + Level 4.7(7.1) Poison Magic
 + Level 6.3 Invocations
 + Level 5.7(7.3) Evocations


You had 20 spell levels left.
You knew the following spells:

 Your Spells              Type           Power      Damage    Failure   Level
a - Freeze                Ice            100%       1d10      1%          1
b - Blink                 Tloc           42%        N/A       3%          2
c - Kindle Blastsparks    Fire/Tloc/Air  48%        2d14      4%          3

Your spell library contained the following spells:

 Spells                   Type           Power      Damage    Failure   Level
 Beastly Appendage        Tmut           56%        N/A       1%          1
 Shock                    Conj/Air       92%        1d8       1%          1
 Ensorcelled Hibernation  Hex/Ice        58%        N/A       1%          2
 Wereblood                Tmut           28%        N/A       1%          2
 Frozen Ramparts          Ice            74%        1d12      1%          3
 Hailstorm                Conj/Ice       29%        3d8       2%          3
 Spider Form              Tmut/Pois      28%        N/A       2%          3
 Momentum Strike          Conj/Tloc      42%        3d9       3%          2
 Ignite Poison            Fire/Tmut/Pois 27%        N/A       3%          3
 Swiftness                Air            25%        N/A       3%          3
 Lesser Beckoning         Tloc           42%        N/A       7%          3
 Airstrike                Air            12%        2d(2-18)  12%         4
 Anguish                  Hex/Necr       11%        N/A       17%         4
 Freezing Cloud           Conj/Ice/Air   14%        6-21      24%         5


Dungeon Overview and Level Annotations

Branches:
Dungeon (9/15)             Temple (1/1) D:4             Orc (0/2) D:9
  Sewer (visited)
   Lair: D:8-11

Altars:
Ashenzari
Cheibriados
Dithmenos
Elyvilon
Gozag
Hepliaklqana
Kikubaaqudgha
Makhleb
Nemelex Xobeh
Qazlal
Ru
Vehumet
Wu Jian
Xom
Yredelemnul
Zin
The Shining One

Shops:
D:2 =   D:6 ![*   D:8 *

Annotations:
D:9 exclusion: ice statue


Innate Abilities, Weirdness & Mutations

You have very sharp teeth.
Your uncanny sense of smell can sniff out nearby items.
Your experience applies equally to all skills.
You passively dampen the noise of your surroundings.


Message History

Okay, then.
Aiming: Corrosive Bolt
Press: ? - help, Shift-Dir - straight line, f/p - ice statue
Aim: an ice statue (freezing vapour, heavily damaged, covered in acid, 100% to hit)
The bolt of acid hits the ice statue!!
The ice statue seems to be corroded for longer.
The ice statue is severely damaged.
The now-empty wand crumbles to dust.
The ice statue gestures.
The ice beast closely misses you.
Okay, then.
Casting: Kindle Blastsparks (dangerous; 4% risk of failure)
Confirm with . or Enter, or press ? or * to list all spells.
You don't know that spell.
Unknown command.
The ice beast closely misses you. The ice beast attacks as you move away!
The ice beast closely misses you.
The ice beast hits you but does no damage.
Really walk into that cloud of freezing vapour? [Y]es or [N]o only, please.
Really walk into that cloud of freezing vapour?
Okay, then.
The ice beast attacks as you move away! The ice beast closely misses you.
The ice statue gestures at you. The bolt of cold hits you!!
You hit the ice statue.
You melt the ice statue.
The ice statue is severely damaged.
The ice beast closely misses you. The ice beast completely misses you.
You sock the ice statue!
You melt the ice statue.
You bite the ice statue, but do no damage.
The ice statue is almost destroyed.
The ice statue glitters chillingly in the dim dungeon light.
The ice statue gestures at you. The freezing blast engulfs you!
* * * LOW HITPOINT WARNING * * *
The ice beast hits you but does no damage.
You hit the ice statue but do no damage.
The ice statue is almost destroyed.
You are engulfed in freezing vapours.
You die...

..........#....'.......#....##...
..#########....#.......#.........
###......##......................
................##.......#######.
.........###.....##......#.....#.
........##.##.....##.....#.....#.
.###...##...##○.Y○○###...#.....#.
.####'##)....##Y○8○$##...#.....#.
...#...##.....##@Y.###...#.....#.
...#....##.....##○##.....#.....'.
...#.....##.....##########.....#.
...#......##............##.....#.
...#......'.............##.....#.
..###...###.....#..............#.
..###...#########.......##.....#.
...............##.......##.....#.
...............##..............#.


You could see an ice statue (corroded) and 3 ice beasts.

Vanquished Creatures
  An orange crystal statue (D:9)
  Sigmund (D:3)
  A shadow (D:9)
  5 wyverns
  A spriggan (D:7)
  3 yaks (D:8)
  3 water moccasins
  A black bear (D:5)
  2 ice beasts
  2 orc warriors
  A centaur (D:8)
  3 kobold brigands
  5 bullfrogs
  A gnoll sergeant (D:7)
  7 scorpions
  4 wights (D:7)
  3 killer bees (D:8)
  4 howler monkeys
  3 jellies
  4 hounds
  5 orc priests
  3 iguanas
  9 orc wizards
  10 adders
  13 gnolls
  11 river rats
  2 white imps
  3 ufetubi
  4 worms
  24 orcs
  4 endoplasms
  2 giant cockroaches (D:4)
  9 goblins
  3 hobgoblins (D:3)
  2 jackals (D:4)
  29 kobolds
  2 quokkas
  9 ball pythons
  2 bats
  3 frilled lizards
  24 rats
228 creatures vanquished.

Vanquished Creatures (others)
  29 plants
29 creatures vanquished.

Grand Total: 257 creatures vanquished

Notes
Turn   | Place    | Note
-------+----------+-------------------------------------------
     0 | D:1      | McGhostyFace the Gnoll Wanderer began the quest for the
                  | Orb.
     0 | D:1      | McGhostyFace set off with the following items: a +0 mace, a
                  | +0 ring mail, a potion of attraction; and the following
                  | spell memorised: Freeze; and the following spells available
                  | to memorise: Frozen Ramparts, Hailstorm.
     0 | D:1      | Reached XP level 1. HP: 17/17 MP: 4/4
   479 | D:1      | Reached XP level 2. HP: 22/23 MP: 5/5
   693 | D:2      | Reached XP level 3. HP: 16/28 MP: 7/7
   740 | D:2      | Found Vibofesiec's Jewellery Boutique.
  1123 | D:3      | Reached skill level 1 in Invocations
  1316 | D:3      | Reached skill level 1 in Short Blades
  1316 | D:3      | Reached skill level 1 in Long Blades
  1316 | D:3      | Reached skill level 1 in Axes
  1316 | D:3      | Reached skill level 1 in Polearms
  1316 | D:3      | Reached skill level 1 in Staves
  1316 | D:3      | Reached skill level 1 in Ranged Weapons
  1316 | D:3      | Reached skill level 1 in Throwing
  1316 | D:3      | Reached skill level 1 in Dodging
  1316 | D:3      | Reached skill level 1 in Shields
  1316 | D:3      | Reached skill level 1 in Unarmed Combat
  1316 | D:3      | Reached skill level 1 in Evocations
  1362 | D:3      | Reached XP level 4. HP: 34/34 MP: 8/8
  1715 | D:3      | Noticed Sigmund
  1722 | D:3      | Killed Sigmund
  1723 | D:3      | Reached skill level 1 in Conjurations
  1723 | D:3      | Reached skill level 1 in Hexes
  1723 | D:3      | Reached skill level 1 in Summonings
  1723 | D:3      | Reached skill level 1 in Necromancy
  1723 | D:3      | Reached skill level 1 in Translocations
  1723 | D:3      | Reached skill level 1 in Transmutations
  1723 | D:3      | Reached skill level 1 in Fire Magic
  1723 | D:3      | Reached skill level 1 in Air Magic
  1723 | D:3      | Reached skill level 1 in Earth Magic
  1723 | D:3      | Reached skill level 1 in Poison Magic
  1723 | D:3      | Reached XP level 5. HP: 34/41 MP: 9/9
  1890 | D:4      | Reached XP level 6. HP: 39/47 MP: 9/11
  2008 | D:4      | Found a staircase to the Ecumenical Temple.
  2022 | D:3      | Reached skill level 5 in Armour
  2491 | Temple   | Entered the Ecumenical Temple
  2496 | Temple   | Became a worshipper of Ashenzari the Shackled
  3067 | D:5      | Entered Level 5 of the Dungeon
  3067 | D:5      | Noticed a black bear
  3075 | D:5      | Killed a black bear
  3076 | D:5      | Reached XP level 7. HP: 46/52 MP: 12/12
  3241 | D:5      | Found Situh's Antique Armour Emporium.
  3314 | D:5      | Found a sparkling altar of Nemelex Xobeh.
  3488 | D:5      | Reached XP level 8. HP: 60/60 MP: 14/14
  4973 | D:6      | Found a glowing drain.
  5019 | Sewer    | Entered a sewer
  5572 | Sewer    | Reached * piety under Ashenzari
  5572 | Sewer    | Identified a scroll of acquirement
  5865 | D:6      | Found Fist's Assorted Antiques.
  6218 | D:6      | Identified the +5 flail "Weihix" {flame, *Corrode rPois rN+
                  | Stlth+}
  6247 | D:6      | HP: 2/61 [white imp/puff of frost (6)]
  6360 | D:6      | Reached XP level 9. HP: 31/66 MP: 16/16
  6570 | D:6      | Found Uler Gith's Distillery.
  6617 | D:6      | Reached skill level 5 in Spellcasting
  6850 | D:6      | Reached ** piety under Ashenzari
  6917 | D:6      | Acquired 921 gold pieces
  6926 | D:6      | Gained mutation: You passively dampen the noise of your
                  | surroundings. [potion of mutation]
  6948 | D:6      | Found Ulewynla's Armour Boutique.
  6956 | D:6      | Bought a +2 hat for 176 gold pieces
  6956 | D:6      | Bought a +3 leather armour of poison resistance for 231
                  | gold pieces
  7187 | D:6      | Found Ceal's Distillery.
  7219 | D:6      | Found a snail-covered altar of Cheibriados.
  7219 | D:6      | Found a burning altar of Makhleb.
  7219 | D:6      | Found a white marble altar of Elyvilon.
  7296 | D:7      | Reached skill level 5 in Fighting
  7296 | D:7      | Reached skill level 5 in Maces & Flails
  7296 | D:7      | Reached skill level 8 in Ice Magic
  7342 | D:7      | Found a glowing golden altar of the Shining One.
  7525 | D:7      | Found a glowing silver altar of Zin.
  7525 | D:7      | Found an opulent altar of Gozag.
  7590 | D:7      | Found a hazy altar of Hepliaklqana.
  7622 | D:7      | Reached skill level 5 in Stealth
  8008 | D:7      | Learned a level 2 spell: Blink
  8012 | D:7      | Learned a level 3 spell: Kindle Blastsparks
  8086 | D:7      | Reached skill level 5 in Invocations
  8693 | D:8      | Reached skill level 5 in Short Blades
  8693 | D:8      | Reached skill level 5 in Long Blades
  8693 | D:8      | Reached skill level 5 in Axes
  8693 | D:8      | Reached skill level 5 in Polearms
  8693 | D:8      | Reached skill level 5 in Staves
  8693 | D:8      | Reached skill level 5 in Ranged Weapons
  8693 | D:8      | Reached skill level 5 in Throwing
  8693 | D:8      | Reached skill level 5 in Dodging
  8693 | D:8      | Reached skill level 5 in Shields
  8693 | D:8      | Reached skill level 5 in Unarmed Combat
  8693 | D:8      | Reached skill level 5 in Evocations
  8693 | D:8      | Reached XP level 10. HP: 12/76 MP: 11/18
  9228 | D:8      | Found a sacrificial altar of Ru.
  9234 | D:8      | Found Luceoz's Assorted Antiques.
  9244 | D:8      | Bought a potion of heal wounds for 110 gold pieces
  9667 | D:9      | Found a sparkling altar of Nemelex Xobeh.
 10106 | D:9      | Noticed an orange crystal statue
 10164 | D:9      | Noticed an ice statue
 10196 | D:9      | Killed an orange crystal statue
 10453 | D:9      | Found a staircase to the Orcish Mines.
 10731 | D:9      | Reached *** piety under Ashenzari
 10857 | D:9      | Engulfed by an ice statue's freezing vapour

Illustrated notes

Levels and vault maps discovered:
D:1:      psy_arrival_whirlpool, layout_basic
D:2:      layout_rooms, serial_shops, shop, nrook_campfire
D:3:      minmay_diamond_boxcup, layout_basic, grunt_decor_resistance,
          kennysheep_boxes, uniq_sigmund
D:4:      layout_cave_pods, minmay_temple_entry_stoned_glass
D:5:      wad_woods_stonehenge, layout_basic, serial_shops, nicolae_shop_stone,
          kennysheep_generic_room_14
D:6:      layout_loops_ring, gammafunk_temple_overflow_claw, serial_shops,
          nicolae_square_shop, shop, shop_statue, shop_fountains,
          cheibrodos_sewer_entry_bend, minmay_checkerbox
D:7:      layout_loops_cross, grunt_temple_overflow_gold_and_silver,
          nicolae_hepliaklqana_hazy_memory, mainiacjoe_overflow_tiny_flanked,
          nrook_pool_corridor, the_hattery
D:8:      layout_cave_pools, lemuel_crystal_altar, serial_shops,
          nicolae_lakefront_shop, kennysheep_generic_room_10
D:9:      minmay_separated_statues, layout_stronghold,
          nemelex_xobeh_ov_fountains_minmay, orc_0_dummy
Temple:   cyrus_circular_temple

Skill      XL: |  1  2  3  4  5  6  7  8  9 10 |
---------------+-------------------------------+-----
Invocations    | 1 2 3 4 5 6 |  6.3
Short Blades   | 1 2 3 5 |  5.7
Long Blades    | 1 2 3 5 |  5.7
Axes           | 1 2 3 5 |  5.7
Polearms       | 1 2 3 5 |  5.7
Staves         | 1 2 3 5 |  5.7
Ranged Weapons | 1 2 3 5 |  5.7
Throwing       | 1 2 3 5 |  5.7
Dodging        | 1 2 3 5 |  5.7
Shields        | 1 2 3 5 |  5.7
Unarmed Combat | 1 2 3 5 |  5.7
Evocations     | 1 2 3 5 |  5.7
Fighting       | 3 4 5 6 |  6.3
Maces & Flails | 3 4 5 6 |  6.3
Spellcasting   | 3 4 5 6 |  6.4
Conjurations   | 1 2 3 4 |  4.7
Hexes          | 1 2 3 4 |  4.7
Summonings     | 1 2 3 4 |  4.7
Necromancy     | 1 2 3 4 |  4.7
Translocations | 1 2 3 4 |  4.7
Transmutations | 1 2 3 4 |  4.7
Fire Magic     | 1 2 3 4 |  4.7
Air Magic      | 1 2 3 4 |  4.7
Earth Magic    | 1 2 3 4 |  4.7
Poison Magic   | 1 2 3 4 |  4.7
Stealth        | 3 4 5 6 |  6.2
Armour         | 5 6 7 |  7.4
Ice Magic      | 8 |  8.6

Action                   |  1- 3 |  4- 6 |  7- 9 | 10-12 || total
-------------------------+-------+-------+-------+-------++-------
Melee: Mace              |    18 |       |       |       ||    18
       Short sword       |    83 |    70 |   338 |       ||   491
       Bite              |     5 |     5 |    43 |     6 ||    59
       Punch             |       |     1 |     4 |       ||     5
       Flail             |       |       |   113 |   112 ||   225
Throw: Dart              |       |    11 |    54 |    35 ||   100
       Throwing net      |       |     1 |       |       ||     1
 Cast: Freeze            |       |     5 |       |       ||     5
       Kindle Blastspark |       |       |     3 |     4 ||     7
Invok: Curse Item        |       |       |     4 |     2 ||     6
       Shatter the Chain |       |       |     1 |       ||     1
Evoke: Wand              |       |       |     1 |    13 ||    14
  Use: Scroll            |       |       |     1 |       ||     1
       Potion            |       |       |     1 |       ||     1
 Stab: Sleeping          |     1 |       |     7 |     6 ||    14
Armor: Ring mail         |    55 |    40 |   120 |       ||   215
       Leather armour    |       |       |    26 |    29 ||    55
Dodge: Dodged            |    49 |    34 |   249 |    87 ||   419
Block: Buckler           |       |       |    27 |    31 ||    58

Table legend: (Time is in decaauts)
 A = Elapsed time spent in this place.
 B = Non-inter-level travel time spent in this place.
 C = Inter-level travel time spent in this place.
 D = Time resting spent in this place.
 E = Time spent auto-exploring this place.
 F = Levels seen in this place.
 G = Mean time per level.
                   A        B        C        D        E       F      G
               +--------+--------+--------+--------+--------+-----+--------+
         Total |  10824 |  10543 |    281 |   2083 |   6231 |  11 |  984.0 |
       Dungeon |  10052 |   9771 |    281 |   2009 |   5828 |   9 | 1116.9 |
        Temple |     10 |     10 |      0 |      0 |      0 |   1 |   10.0 |
         Sewer |    761 |    761 |      0 |     74 |    402 |   1 |  761.0 |
               +--------+--------+--------+--------+--------+-----+--------+

Top non-repeatable levels by time:
     D:5: 1865 daAuts
     D:6: 1511 daAuts
     D:9: 1274 daAuts
     D:7: 1244 daAuts
     D:4: 1122 daAuts
     D:8: 1104 daAuts
     D:3: 841 daAuts
   Sewer: 761 daAuts
     D:1: 573 daAuts
     D:2: 514 daAuts
  Temple: 10 daAuts
